 Dungeon Crawl Stone Soup version 0.28-a0-984-g3775c66 (webtiles) character file.

Game seed: 11917034867075790428

91 Ayyar the Slasher (level 4, -2/34 HPs)
             Began as a Demonspawn Gladiator on Dec 3, 2021.
             Slain by an orc (6 damage)
             ... on level 3 of the Dungeon.
             The game lasted 00:06:11 (2231 turns).

Ayyar the Slasher (Demonspawn Gladiator)            Turns: 2231, Time: 00:06:11

Health: -2/34      AC:  8    Str: 16    XL:     4   Next: 34%
Magic:  4/4        EV: 11    Int: 10    God:
Gold:   86         SH:  0    Dex: 14    Spells: 3/3 levels left

rFire   . . .      SeeInvis .   a - +0 long sword
rCold   . . .      Faith    .   (no shield)
rNeg    . . .      Spirit   .   n - +0 ring mail
rPois   .          Reflect  .   c - +0 helmet
rElec   .          Harm     .   (no cloak)
rCorr   .          Rampage  .   (no gloves)
Will    .....                   (no boots)
Stlth   +.........              (no amulet)
HPRegen 0.11/turn               (no ring)
MPRegen 0.09/turn               (no ring)

@: no status effects
A: yellow scales 1, demonic magic 1
a: no special abilities


You were on level 3 of the Dungeon.
You visited 1 branch of the dungeon, and saw 3 of its levels.

You collected 86 gold pieces.

Inventory:

Hand Weapons
 a - a +0 long sword (weapon)
Missiles
 d - 3 throwing nets
 e - 11 poisoned darts
 h - 6 boomerangs (quivered)
Armour
 c - a +0 helmet (worn)
 n - a +0 ring mail (worn)
Jewellery
 i - a ring of wizardry
 k - a ring of positive energy
 l - a +6 ring of intelligence
Wands
 j - a wand of charming (9)
Scrolls
 f - a scroll of identify {unknown}
 m - a scroll of teleportation {unknown}
Potions
 g - a potion of flight {unknown}


   Skills:
 + Level 2.8 Fighting
 * Level 3.3 Long Blades
 + Level 2.5 Throwing
 + Level 1.0 Armour
 - Level 3.0 Dodging
 + Level 0.3 Evocations


You had 3 spell levels left.
You didn't know any spells.
Your spell library contained the following spells:

 Spells                   Type           Power      Damage    Failure   Level
 Slow                     Hex            0%         N/A       58%         1
 Confusing Touch          Hex            0%         N/A       91%         3
 Vampiric Draining        Necr           0%         2d6       91%         3


Dungeon Overview and Level Annotations

Branches:
Dungeon (3/15)

Altars:

Annotations:
D:2 exclusion: scorpion


Innate Abilities, Weirdness & Mutations

You are partially covered in yellow scales. (AC +2)
Spells you cast may paralyse adjacent enemies.


Message History

The orc hits you but does no damage.
You see here a +0 war axe.
You hit the orc.
The orc is moderately wounded.
A hobgoblin comes into view.
The orc completely misses you. The dart slug launches a dart at you.
The slug dart misses you. The orc hits you but does no damage.
You hit the orc.
You kill the orc!
The hobgoblin hits you. The orc hits you with a +0 hand axe.
You closely miss the orc. The hobgoblin closely misses you.
The orc closely misses you.
You closely miss the orc. The orc barely misses you.
The hobgoblin hits you but does no damage.
The orc hits you with a +0 hand axe.
You closely miss the orc. The orc barely misses you. The hobgoblin hits you.
The orc closely misses you. The orc barely misses you. The hobgoblin hits you.
You completely miss the orc. The orc hits you but does no damage. x2
The hobgoblin hits you. The orc misses you.
You slash the orc!
You kill the orc!
The hobgoblin hits you. The hobgoblin misses you.
The orc hits you with a +0 hand axe. The orc hits you with a +0 hand axe.
The dart slug launches a dart at you. The slug dart hits you.
* * * LOW HITPOINT WARNING * * *
The hobgoblin throws a stone.
The stone barely misses you. The dart slug launches a dart at you.
The slug dart hits you.
* * * LOW HITPOINT WARNING * * *
You hit the orc.
The orc is heavily wounded.
The orc hits you with a +0 hand axe.
* * * LOW HITPOINT WARNING * * *
You hit the orc but do no damage.
The orc is heavily wounded.
The orc hits you with a +0 hand axe.
You die...

...............# ########'##.#..#
...............###.........#....#
..........................)####.#
...........................####'#
.....................#'######....
...............#'#.....# #....
...............gg....### #....
...........w..##o#...# #....
....$.........##@...## #....
.......)......####### #....
.......)......# #....
..............# #####
............?.# # ..............#
.....?........# ..............#
..............#


You could see an orc and 2 hobgoblins.

Vanquished Creatures
  2 gnolls (D:1)
  An adder (D:2)
  2 worms (D:2)
  A dart slug (D:2)
  3 orcs (D:3)
  3 bats
  7 endoplasms
  2 giant cockroaches
  4 goblins
  3 hobgoblins
  2 jackals (D:1)
  A quokka (D:2)
  5 ball pythons
  3 frilled lizards
  7 kobolds
  4 rats
50 creatures vanquished.

Notes
Turn   | Place    | Note
-------+----------+-------------------------------------------
     0 | D:1      | Ayyar the Demonspawn Gladiator began the quest for the Orb.
     0 | D:1      | Reached XP level 1. HP: 16/16 MP: 1/1
    24 | D:1      | Gained mutation: You are partially covered in yellow
                  | scales. (AC +2) [demonic ancestry]
    24 | D:1      | Reached XP level 2. HP: 5/22 MP: 2/2
   480 | D:1      | Gained mutation: Spells you cast may paralyse adjacent
                  | enemies. [demonic ancestry]
   480 | D:1      | Reached XP level 3. HP: 26/28 MP: 3/3
  1486 | D:2      | Noticed a scorpion
  1548 | D:2      | Found a faded altar of an unknown god.
  1672 | D:2      | Reached XP level 4. HP: 34/34 MP: 4/4
  2190 | D:3      | Reached skill level 1 in Armour
  2231 | D:3      | Slain by an orc

Illustrated notes

Levels and vault maps discovered:
D:1:      lemuel_arrival_rhombus, layout_loops_ring
D:2:      layout_rooms, hellmonk_ecumenical_altar_heavens_door,
          grunt_ministairs_4
D:3:      layout_basic, ashenzari_conservatory_becter, kennysheep_jessica_study

Skill      XL: |  1  2  3  4 |
---------------+-------------+-----
Throwing       | 2 |  2.5
Long Blades    | 3 |  3.3
Dodging        | 3 |  3.0
Armour         | 1 |  1.0
Fighting       | |  2.8
Evocations     | |  0.3

Action                   |  1- 3 |  4- 6 || total
-------------------------+-------+-------++-------
Melee: Long sword        |   120 |    37 ||   157
 Stab: Sleeping          |     1 |       ||     1
Armor: Leather armour    |    34 |     7 ||    41
       Ring mail         |       |     8 ||     8
Dodge: Dodged            |    71 |    37 ||   108

Table legend: (Time is in decaauts)
 A = Elapsed time spent in this place.
 B = Non-inter-level travel time spent in this place.
 C = Inter-level travel time spent in this place.
 D = Time resting spent in this place.
 E = Time spent auto-exploring this place.
 F = Levels seen in this place.
 G = Mean time per level.
                   A        B        C        D        E       F      G
               +--------+--------+--------+--------+--------+-----+--------+
         Total |   2269 |   2234 |     35 |    231 |   1619 |   3 |  756.3 |
       Dungeon |   2269 |   2234 |     35 |    231 |   1619 |   3 |  756.3 |
               +--------+--------+--------+--------+--------+-----+--------+

Top non-repeatable levels by time:
     D:1: 1222 daAuts
     D:2: 874 daAuts
     D:3: 172 daAuts
